 Dungeon Sprint DCSS version 0.31-a0-986-g5e6e4ef867 (webtiles) character file.

Game seed: 2011270104474972672

7254 sircluck the Brawler (level 10, -8/178 HPs)
             Began as a Troll Berserker on Nov 10, 2023.
             Was an Elder of Trog.
             Killed from afar by Lurud the pandemonium lord (20 damage)
             ... with a bolt of acid
             ... in the Dungeon (Sprint VII: "The Pits").
             The game lasted 00:02:56 (1371 turns).

sircluck the Brawler (Troll Berserker)              Turns: 1371, Time: 00:02:57

Health: -8/178     AC:  5    Str: 31    XL:     10   Next: 88%
Magic:  9/9        EV: 16    Int:  6    God:    Trog [****..]
Gold:   0          SH:  0    Dex:  9    Spells: 9/9 levels left

rFire   . .          .
                       - Unarmed
rCold   . . .        (no shield)
rNeg    . . .        a - +0 animal skin
rPois   .            (helmet restricted)
rElec   .            n - +0 cloak
rCorr   .            (gloves unavailable)
SInv    .            (boots unavailable)
Will    .....        (no amulet) Stlth
                     k - +3 ring of intelligence
HPRegen 1.29/turn    l - +3 ring of evasion
MPRegen 0.11/turn

%: no teleportation
@: berserking, very quick
A: large, unfitting armour, claws 3, regeneration 1, shaggy fur 1, tough skin 1
a: Renounce Religion, Berserk, Trog's Hand, Brothers in Arms


You were in the Dungeon.
You worshipped Trog.
Trog was greatly pleased with you.
You visited 1 branch

Inventory:

Missiles
 p - 5 large rocks
Armour
 a - a +0 animal skin (worn)
 n - a +0 cloak (worn)
Jewellery
 k - a +3 ring of intelligence (left claw)
 l - a +3 ring of evasion (right claw)
Scrolls
 g - a scroll of blinking
 i - 2 scrolls of vulnerability
 j - a scroll of butterflies
Potions
 b - 7 potions of curing
 c - 12 potions of heal wounds
 d - a potion of haste
 e - 4 potions of magic
 f - 4 potions of berserk rage
 h - 2 potions of invisibility
 m - 2 potions of resistance
 o - a potion of mutation


   Skills:
 + Level 13.4 Fighting
 + Level 13.2 Dodging
 + Level 15.5 Unarmed Combat


You had 9 spell levels left.
You didn't know any spells.
Your spell library was empty.

Dungeon Overview and Level Annotations

Branches:
Dungeon (1/1)

Altars:
Ashenzari
Cheibriados
Dithmenos
Elyvilon
Fedhas
Gozag
Hepliaklqana
Kikubaaqudgha
Makhleb
Nemelex Xobeh
Okawaru
Qazlal
Ru
Sif Muna
Trog
Uskayaw
Vehumet
Wu Jian
Xom
Yredelemnul
Zin
The Shining One
Jiyva
Lugonu


Innate Abilities, Weirdness & Mutations

You are too large for most types of armour.
You have claws for hands.
Your natural rate of healing is unusually fast.
You are covered in fur. (AC +1)
You have tough skin. (AC +1)


Message History

Lurud barely misses you.
Unknown command.
Unknown command.
You mangle Lurud!!
Lurud is moderately wounded.
Lurud barely misses you.
Your ogre closely misses Lurud.
Your ogre misses Lurud. You miss Lurud. Your claw misses Lurud.
Lurud is moderately wounded.
Lurud hits you!!
* * * LOW HITPOINT WARNING * * *
Unknown command.
Unknown command.
You closely miss Lurud.
Lurud is moderately wounded.
Your ogre completely misses Lurud.
You closely miss Lurud.
Lurud is moderately wounded.
Your ogre completely misses Lurud.
Lurud misses you.
You completely miss Lurud.
Lurud is moderately wounded.
You miss Lurud.
Lurud is moderately wounded.
Lurud barely misses you.
Your ogre completely misses Lurud. x2
You claw Lurud! Your claw misses Lurud.
Lurud is heavily wounded.
Lurud hits you!
* * * LOW HITPOINT WARNING * * *
You miss Lurud. Your claw misses Lurud.
Lurud is heavily wounded.
Your ogre completely misses Lurud. x2
You closely miss Lurud. Your claw misses Lurud.
Lurud is heavily wounded.
Lurud hits you!
* * * LOW HITPOINT WARNING * * *
You completely miss Lurud.
Lurud is heavily wounded.
Lurud gestures at you. The bolt of acid hits you!!
You die...

#+# #.# #'#
################'#
..†...........O&@#
..†..........)O..#
+##############..#
#.)# #..# #..#
#..# #..# #..#


You could see Lurud (ally target) and 2 friendly ogres.

Vanquished Creatures
  A cyclops (D)
  4 elephants (D)
  An ice devil (D)
  A polar bear (D)
  A hornet (D)
  2 dream sheep (D)
  2 glass eyes (D)
  A flying skull (D)
  A ynoxinul (D)
  An acid dragon (D)
  A swamp drake (D)
  A black bear (D)
  An ogre (D)
  A phantom (D)
  A kobold brigand (D)
  A necrophage (D)
  A bullfrog (D)
  A quasit (D)
  An orc wizard (D)
  A gnoll (D)
  A white imp (D)
  A worm (D)
  An adder skeleton (D)
  2 orcs (D)
  A bat (D)
  2 endoplasms (D)
  A giant cockroach (D)
  A hobgoblin (D)
  3 jackals (D)
  A quokka (D)
  2 ball pythons (D)
  2 goblins (D)
43 creatures vanquished.

Vanquished Creatures (collateral kills)
  A sea snake (D)
  A deep elf pyromancer (D)
  3 elephants (D)
  A guardian serpent (D)
  A cane toad (D)
  3 dream sheep (D)
10 creatures vanquished.

Grand Total: 53 creatures vanquished

Notes
Turn   | Place    | Note
-------+----------+-------------------------------------------
     0 | D        | sircluck the Troll Berserker began the quest for the Orb.
     0 | D        | Reached XP level 1. HP: 22/22 MP: 0/0
    24 | D        | Found a bloodstained altar of Trog.
    24 | D        | Found a shimmering blue altar of Sif Muna.
    24 | D        | Found a viscous altar of Jiyva.
    24 | D        | Found a hazy altar of Hepliaklqana.
    24 | D        | Found an opulent altar of Gozag.
    26 | D        | Found a glowing golden altar of the Shining One.
    26 | D        | Found a glowing silver altar of Zin.
    26 | D        | Found a basalt altar of Yredelemnul.
    26 | D        | Found a shimmering altar of Xom.
    26 | D        | Found an ornate altar of the Wu Jian Council.
    26 | D        | Found a sacrificial altar of Ru.
    26 | D        | Found a stormy altar of Qazlal.
    26 | D        | Found an iron altar of Okawaru.
    26 | D        | Found a sparkling altar of Nemelex Xobeh.
    26 | D        | Found a burning altar of Makhleb.
    26 | D        | Found a blossoming altar of Fedhas.
    26 | D        | Found a white marble altar of Elyvilon.
    26 | D        | Found a shadowy altar of Dithmenos.
    26 | D        | Found a snail-covered altar of Cheibriados.
    28 | D        | Found a radiant altar of Vehumet.
    28 | D        | Found a corrupted altar of Lugonu.
    51 | D        | Noticed a glass eye
    66 | D        | Killed a glass eye
    66 | D        | Reached ** piety under Trog
    67 | D        | Reached skill level 5 in Fighting
    67 | D        | Reached skill level 5 in Dodging
    67 | D        | Reached skill level 7 in Unarmed Combat
    67 | D        | Reached XP level 2. HP: 36/36 MP: 1/1
    67 | D        | Reached XP level 3. HP: 44/44 MP: 2/2
    67 | D        | Reached XP level 4. HP: 52/52 MP: 3/3
    67 | D        | Reached XP level 5. HP: 59/59 MP: 4/4
   111 | D        | Reached *** piety under Trog
   121 | D        | Reached **** piety under Trog
   170 | D        | Noticed a black bear
   185 | D        | Killed a black bear
   186 | D        | Reached skill level 8 in Unarmed Combat
   186 | D        | Reached XP level 6. HP: 71/71 MP: 5/5
   192 | D        | Reached ***** piety under Trog
   394 | D        | Noticed a flying skull
   408 | D        | Killed a flying skull
   409 | D        | Reached skill level 9 in Unarmed Combat
   409 | D        | Reached XP level 7. HP: 57/79 MP: 6/6
   417 | D        | Received a gift from Trog
   448 | D        | Noticed an elephant
   456 | D        | Killed an elephant
   457 | D        | Reached skill level 10 in Unarmed Combat
   457 | D        | Reached XP level 8. HP: 61/92 MP: 7/7
   487 | D        | Noticed a glass eye
   506 | D        | Killed a glass eye
   507 | D        | Reached skill level 11 in Unarmed Combat
   542 | D        | Noticed a hornet
   544 | D        | Killed a hornet
   548 | D        | Received a gift from Trog
   676 | D        | Found a hide-covered altar of Uskayaw.
   676 | D        | Found an ancient bone altar of Kikubaaqudgha.
   676 | D        | Found a broken altar of Ashenzari.
   697 | D        | Noticed a dream sheep
   697 | D        | Noticed a dream sheep
   697 | D        | Noticed a dream sheep
   697 | D        | Noticed a dream sheep
   697 | D        | Noticed a dream sheep
   697 | D        | Noticed a sea snake
   702 | D        | Killed a dream sheep
   703 | D        | Reached skill level 10 in Fighting
   703 | D        | Killed a dream sheep
   704 | D        | Reached skill level 10 in Dodging
   704 | D        | Killed a dream sheep
   705 | D        | Reached skill level 12 in Unarmed Combat
   705 | D        | Reached XP level 9. HP: 68/102 MP: 8/8
   708 | D        | Killed a sea snake
   709 | D        | Reached skill level 13 in Unarmed Combat
   897 | D        | Noticed a polar bear
   901 | D        | Killed a polar bear
   901 | D        | Received a gift from Trog
  1061 | D        | Noticed an ice devil
  1071 | D        | Killed an ice devil
  1169 | D        | Noticed a guardian serpent
  1170 | D        | Noticed a cyclops
  1173 | D        | Killed a cyclops
  1174 | D        | Reached skill level 14 in Unarmed Combat
  1174 | D        | Reached XP level 10. HP: 115/115 MP: 9/9
  1174 | D        | Killed a guardian serpent
  1189 | D        | Noticed a cane toad
  1189 | D        | Noticed an elephant
  1189 | D        | Noticed an elephant
  1189 | D        | Noticed an elephant
  1189 | D        | Noticed an elephant
  1189 | D        | Noticed a deep elf pyromancer
  1189 | D        | Noticed an elephant
  1189 | D        | Noticed an elephant
  1192 | D        | Killed a cane toad
  1193 | D        | Killed an elephant
  1198 | D        | Killed an elephant
  1199 | D        | Killed an elephant
  1199 | D        | Received a gift from Trog
  1201 | D        | Killed a deep elf pyromancer
  1202 | D        | Reached skill level 15 in Unarmed Combat
  1203 | D        | Killed an elephant
  1203 | D        | Killed an elephant
  1206 | D        | Killed an elephant
  1346 | D        | Noticed Lurud the pandemonium lord
  1371 | D        | Killed from afar by Lurud the pandemonium lord

Illustrated notes

Levels and vault maps discovered:
D:        pitsprint [storerooms_1, entrance_room_1, metal_vault_7, armoury_1,
          mini_pit_1, grid_room_1, main_hall_1, silver_pit, the_coven_3,
          the_vestibule_1, steel_vault_4, golden_pit, hallway_of_sentries,
          crystal_vault_4, iron_vault_4, final_vault]

Skill      XL: |  1  2  3  4  5  6  7  8  9 10 |
---------------+-------------------------------+-----
Fighting       | 5 7 9 10 12 13 | 13.4
Dodging        | 5 7 9 10 11 13 | 13.2
Unarmed Combat | 7 8 9 10 12 14 15 | 15.5

Action                     |  1- 3 |  4- 6 |  7- 9 | 10-12 || total
---------------------------+-------+-------+-------+-------++-------
  Melee: Unarmed           |    17 |    36 |    69 |    25 ||   147
         Punch             |       |     1 |     7 |     2 ||    10
 Invoke: Brothers in Arms  |       |       |     2 |     3 ||     5
         Berserk           |       |       |     2 |     1 ||     3
 Armour: Animal skin       |     2 |    21 |    27 |    15 ||    65
  Dodge: Dodged            |     3 |    25 |    25 |    10 ||    63

Table legend: (Time is in decaauts)
 A = Elapsed time spent in this place.
 B = Non-inter-level travel time spent in this place.
 C = Inter-level travel time spent in this place.
 D = Time resting spent in this place.
 E = Time spent auto-exploring this place.
 F = Levels seen in this place.
 G = Mean time per level.
                   A        B        C        D        E       F      G
               +--------+--------+--------+--------+--------+-----+--------+
         Total |   1347 |   1347 |      0 |    782 |    152 |   1 | 1347.0 |
       Dungeon |   1347 |   1347 |      0 |    782 |    152 |   1 | 1347.0 |
               +--------+--------+--------+--------+--------+-----+--------+

Top non-repeatable levels by time:
       D: 1347 daAuts
